 Dungeon Crawl Stone Soup version 0.31.0-12-g77e489cdc1 (webtiles) character file.

Game seed: 17130233360614092103

1358 concelhaut the Trooper (level 8, -6/53 HPs)
             Began as a Gargoyle Fighter on Feb 23, 2024.
             Was an Initiate of Gozag.
             Mangled by Maggie
             ... wielding a +1 halberd of flaming
              (11 damage)
             ... on level 6 of the Dungeon.
             The game lasted 00:21:25 (4633 turns).

concelhaut the Trooper (Gargoyle Fighter)           Turns: 4633, Time: 00:21:25

Health: -6/53      AC: 16    Str: 28    XL:     8   Next: 64%
Magic:  8/8        EV:  8    Int:  9    God:    Gozag
Gold:   572        SH:  5    Dex:  9    Spells: 7/7 levels left

rFire   . . .        g - +2 hand axe (elec)
rCold   . . .        c - +0 buckler
rNeg    + . .        i - +0 chain mail
rPois   ∞            r - +0 helmet
rElec   +            (no cloak)
rCorr   .            (no gloves)
SInv    .            (no boots)
Will    .....        (no amulet) Stlth
                     s - +6 ring of strength
HPRegen 0.28/turn    (no ring)
MPRegen 0.11/turn

%: no passive effects
@: mighty, mesmerised
A: sickness immunity, AC +5, negative energy resistance 1, electricity
resistance, torment resistance 1, petrification resistance
a: Renounce Religion, Potion Petition, Call Merchant, Bribe Branch


You were on level 6 of the Dungeon.
You worshipped Gozag.
Gozag was pleased with you.
You visited 1 branch of the dungeon, and saw 6 of its levels.

You collected 672 gold pieces.
You paid 100 gold pieces to Gozag.

Inventory:

Hand Weapons
 g - a +2 hand axe of electrocution (weapon)
Missiles
 j - 59 stones (quivered)
 u - 2 curare-tipped darts
Armour
 c - a +0 buckler (worn)
 i - a +0 chain mail (worn)
 r - a +0 helmet (worn)
Jewellery
 s - a +6 ring of strength (left hand)
Wands
 p - a wand of flame (17)
 x - a wand of mindburst (9)
Scrolls
 b - a scroll of immolation {unknown}
 f - a scroll of fog {unknown}
 h - a scroll of torment {unknown}
 k - 2 scrolls of revelation {unknown}
 m - 6 scrolls of identify
 n - 2 scrolls of teleportation {unknown}
 t - a scroll of vulnerability {unknown}
 v - a scroll of noise {unknown}
 w - a scroll of enchant weapon {unknown}
Potions
 a - a potion of experience {unknown}
 e - 3 potions of brilliance {unknown}
 l - 3 potions of enlightenment
 o - a potion of mutation {unknown}
 q - a potion of haste {unknown}


   Skills:
 * Level 7.3 Fighting
 * Level 4.9(5.2) Axes
 - Level 2.7(4.4) Maces & Flails
 + Level 5.5 Armour
 + Level 5.6 Shields


You had 7 spell levels left.
You didn't know any spells.
Your spell library contained the following spells:

 Spells                   Type           Power      Damage    Failure   Level
 Slow                     Hex            0%         N/A       89%         1
 Confusing Touch          Hex            0%         N/A       99%         3
 Sigil of Binding         Hex            0%         N/A       99%         3
 Vampiric Draining        Necr           0%         2d6       99%         3


Dungeon Overview and Level Annotations

Branches:
Dungeon (6/15)
 Temple: D:4-7

Altars:
Cheibriados
Elyvilon
Gozag

Annotations:
D:6 Maggie


Innate Abilities, Weirdness & Mutations

You are immune to sickness and miasma.
Your stone body is resilient. (AC +5)
You are immune to poison.
You resist negative energy. (rN+)
You are resistant to electric shocks. (rElec)
You are resistant to unholy torment.
You are immune to petrification.


Message History

You block Maggie's attack.
You hit Maggie.
Maggie is severely wounded.
Maggie practices a pose.
Maggie hits you with a +1 halberd of flaming!
Maggie burns you.
You barely miss Maggie.
Maggie is severely wounded.
Maggie hits you but does no damage.
You hit Maggie but do no damage.
Maggie is severely wounded.
Maggie hits you with a +1 halberd of flaming!
Maggie burns you.
You closely miss Maggie.
Maggie is severely wounded.
Maggie hits you with a +1 halberd of flaming.
Maggie burns you.
You barely miss Maggie.
Maggie is severely wounded.
Maggie mumbles some strange words.
Maggie draws you further into her thrall.
You hit Maggie.
Maggie is severely wounded.
Maggie hits you with a +1 halberd of flaming!
* * * LOW HITPOINT WARNING * * *
Maggie burns you.
* * * LOW HITPOINT WARNING * * *
You feel very mighty all of a sudden. Maggie hits you but does no damage.
You closely miss Maggie.
Maggie is severely wounded.
Maggie closely misses you.
You completely miss Maggie.
Maggie is severely wounded.
Maggie hits you but does no damage.
You barely miss Maggie.
Maggie is severely wounded.
Maggie hits you with a +1 halberd of flaming!
You die...
Your body crumbles into a pile of gold.

#......#.#
....#
###......#.#
...)#
#........#.#
#....#+###.#
#.......#
#.......#
#.......+
#.......#
#.....@.#
#.....@.#
#.......#
#.......#
#####...#
#...# #####


You could see Maggie (mesmerising).

Vanquished Creatures
  A black bear (D:4)
  2 centaurs (D:6)
  2 phantoms (D:5)
  Blork the orc (D:5)
  2 bullfrogs
  2 scorpions
  2 bombardier beetles (D:5)
  A hound (D:6)
  A jelly (D:6)
  2 orc priests (D:5)
  A sleepcap (D:6)
  A gnoll bouda (D:5)
  Jessica (D:2)
  2 iguanas
  2 orc wizards (D:5)
  7 adders
  8 gnolls
  A shadow imp (D:5)
  4 dart slugs
  A ribbon worm (D:2)
  12 orcs
  7 bats
  5 endoplasms
  7 giant cockroaches
  11 goblins
  8 hobgoblins
  4 jackals (D:1)
  5 quokkas
  11 ball pythons
  5 frilled lizards
  9 kobolds
  6 rats
134 creatures vanquished.

Vanquished Creatures (others)
  An orc (D:5)
1 creature vanquished.

Grand Total: 135 creatures vanquished

Notes
Turn   | Place    | Note
-------+----------+-------------------------------------------
     0 | D:1      | concelhaut the Gargoyle Fighter began the quest for the
                  | Orb.
     0 | D:1      | Reached XP level 1. HP: 14/14 MP: 1/1
   161 | D:1      | Reached XP level 2. HP: 15/19 MP: 2/2
   364 | D:1      | Reached XP level 3. HP: 24/24 MP: 3/3
   549 | D:1      | Reached skill level 4 in Fighting
   961 | D:2      | Reached XP level 4. HP: 29/29 MP: 4/4
  1145 | D:2      | Noticed Jessica
  1155 | D:2      | Killed Jessica
  1156 | D:2      | Reached skill level 1 in Axes
  1873 | D:3      | You fall into a shaft and drop 2 floors!
  1873 | D:5      | Entered Level 5 of the Dungeon
  1894 | D:5      | Noticed Blork the orc
  1907 | D:5      | Killed Blork the orc
  1908 | D:5      | Reached XP level 5. HP: 19/34 MP: 5/5
  2106 | D:5      | Reached skill level 5 in Fighting
  2106 | D:5      | Reached XP level 6. HP: 24/40 MP: 6/6
  2210 | D:4      | Noticed a black bear
  2217 | D:4      | Killed a black bear
  2486 | D:3      | Found an opulent altar of Gozag.
  2669 | D:3      | Found a white marble altar of Elyvilon.
  2756 | D:3      | Became a worshipper of Gozag Ym Sagoz the Greedy
  2777 | D:4      | Found a snail-covered altar of Cheibriados.
  2945 | D:4      | Identified the beast talisman of Levity {Int+4}
  2971 | D:4      | Reached XP level 7. HP: 42/44 MP: 7/7
  3392 | D:5      | Reached skill level 6 in Fighting
  3500 | D:5      | Reached skill level 5 in Shields
  3912 | D:5      | Reached skill level 5 in Armour
  3912 | D:5      | Reached XP level 8. HP: 51/52 MP: 8/8
  4330 | D:6      | Reached skill level 7 in Fighting
  4613 | D:6      | Noticed Maggie
  4633 | D:6      | Mangled by Maggie

Illustrated notes

Levels and vault maps discovered:
D:1:      minmay_arrival_jagged, layout_loops_ring
D:2:      layout_basic, minmay_misc_feat_ornament, uniq_jessica
D:3:      layout_basic, lemuel_tele_altar, nicolae_overflow_crystal_walls,
          minmay_liquid_box
D:4:      layout_rooms, minmay_ruined_shrine
D:5:      layout_loops_ring, kennysheep_generic_room_4, uniq_blork_the_orc
D:6:      layout_basic, serial_shops, nicolae_shop_hallway_plus, uniq_maggie

Skill      XL: |  1  2  3  4  5  6  7  8 |
---------------+-------------------------+-----
Fighting       | 4 5 6 7 |  7.3
Axes           | 1 2 4 |  4.9
Armour         | 4 5 |  5.5
Shields        | 4 5 |  5.6
Maces & Flails | |  2.7

Action                     |  1- 3 |  4- 6 |  7- 9 || total
---------------------------+-------+-------+-------++-------
  Melee: Flail             |    48 |       |       ||    48
         Hand axe          |    49 |   168 |   143 ||   360
    Use: Scroll            |       |     1 |     1 ||     2
         Potion            |       |       |     1 ||     1
 Armour: Scale mail        |    57 |       |       ||    57
         Chain mail        |    28 |   112 |   107 ||   247
  Dodge: Dodged            |    37 |    71 |    53 ||   161
  Block: Buckler           |    16 |    35 |    28 ||    79
